 Dungeon Crawl Stone Soup version 0.16.2-3-ga078185 (webtiles) character file.

1226 dearth the Cudgeler (level 8, -7/70 HPs)
             Began as a Minotaur Fighter on Sept 6, 2015.
             Was a Follower of Okawaru.
             Mangled by an orc warrior
             ... wielding a +0 scimitar
             ... summoned by a shadow trap
             ... triggered by a manticore
              (22 damage)
             ... on level 6 of the Dungeon.
             The game lasted 00:14:33 (5307 turns).

dearth the Cudgeler (Minotaur Fighter)              Turns: 5307, Time: 00:14:33

Health: -7/70      AC:  7    Str: 23    XL:     8   Next: 23%
Magic:  5/5        EV:  8    Int: 10    God:    Okawaru [*.....]
Gold:   302        SH: 10    Dex: 10    Spells: 0 memorised, 7 levels left

rFire  . . .     SeeInvis .     a - +0 flail
rCold  . . .     Clarity  +     b - +0 scale mail (curse)
rNeg   . . .     SustAb   .     c - +0 shield
rPois  .         Gourm    .     (helmet restricted)
rElec  .         Spirit   .     (no cloak)
rCorr  .         Warding  .     (no gloves)
rMut   .         Stasis   .     (no boots)
MR     .....                    l - amulet of clarity
Stlth  ..........               (no ring)
                                (no ring)

@: brilliant, very slightly contaminated, invisible, not resistant to hostile
enchantments, extremely unstealthy
A: retaliatory headbutt, horns 2
a: Heroism, Renounce Religion


You were on level 6 of the Dungeon.
You worshipped Okawaru.
Okawaru was aware of your devotion.
You were not hungry.

You visited 1 branch of the dungeon, and saw 6 of its levels.

You collected 302 gold pieces.

Inventory:

Hand weapons
 a - a +0 flail (weapon)
Armour
 b - a cursed +0 scale mail (worn)
 c - a +0 shield (worn)
Jewellery
 l - an amulet of clarity (around neck)
Magical devices
 x - a wand of disintegration (10)
Scrolls
 h - 3 scrolls of remove curse {unknown}
 i - a scroll of fog {unknown}
 m - 13 scrolls of identify {unknown}
 n - 3 scrolls of magic mapping {unknown}
 q - a scroll of immolation {unknown}
 r - a scroll of recharging {unknown}
 t - a scroll of enchant armour {unknown}
 u - 5 scrolls of enchant weapon {unknown}
 v - 2 scrolls of teleportation {unknown}
 w - a scroll of amnesia {unknown}
Potions
 e - 3 potions of haste {unknown}
 f - 5 potions of curing
 j - a potion of flight {unknown}
 p - 2 potions of cancellation {unknown}
Comestibles
 d - 3 bread rations
 g - 2 slices of pizza
 k - 3 meat rations
 z - a beef jerky


   Skills:
 + Level 6.0 Fighting
 * Level 7.6 Maces & Flails
 + Level 6.3 Armour
 + Level 6.3 Shields
 + Level 2.4 Invocations


You had 7 spell levels left.
You didn't know any spells.

Dungeon Overview and Level Annotations

Branches:
Dungeon (6/15)
 Temple: D:4-7

Altars:
Dithmenos
Elyvilon
Fedhas
Gozag
Kikubaaqudgha
Nemelex Xobeh
Okawaru
Qazlal
Xom

Shops:
D:4 :


Innate Abilities, Weirdness & Mutations

You reflexively headbutt those who attack you in melee.
You have a pair of horns on your head.


Message History

The worker ant barely misses you.
You sock the worker ant!
You kill the worker ant!
The worker ant's corpse disappears in a puff of smoke!
You hit the orc warrior but do no damage.
Your headbutt misses the orc warrior. The orc warrior barely misses you.
You miss the orc warrior. The orc warrior barely misses you.
You hit the orc warrior. You headbutt the orc warrior!
The orc warrior is heavily wounded.
You closely miss the orc warrior. Your headbutt misses the orc warrior.
The orc warrior is heavily wounded.
The orc warrior hits you with a scimitar!
* * * LOW HITPOINT WARNING * * *
You closely miss the orc warrior. Your headbutt misses the orc warrior.
The orc warrior is heavily wounded.
You block the orc warrior's attack.
You hit the orc warrior.
The orc warrior is severely wounded.
The orc warrior hits you with a scimitar!!
You die...

...............#
#..
#####..........#
##. ####.#######
#. #)# ##
#####H# #..?og#
#####Z# #o# #@#
#.# #.# #.# #.#
###


You could see a manticore, an orc warrior, an orc, a hound zombie and a goblin.

Vanquished Creatures
  Grinder (D:5)
  The ghost of gorblad the Sneak, an average DsAs (D:4)
  Menkaure (D:4)
  A phantom (D:5)
  An ice beast (D:6)
  An orc warrior (D:6)
  An ogre (D:6)
  A giant frog zombie (D:5)
  3 orc priests (D:3)
  A centaur zombie (D:6)
  A jelly (D:5)
  4 worker ants
  An iguana (D:6)
  An orc wizard (D:3)
  Jessica (D:3)
  3 gnolls (D:2)
  4 adders
  A giant mite (D:2)
  4 worms
  An adder skeleton (D:5)
  7 giant geckos
  3 oozes
  10 orcs
  2 ball pythons
  11 goblins
  8 hobgoblins
  6 jackals
  3 quokkas
  8 bats
  2 giant cockroaches
  4 giant newts
  15 kobolds
  13 rats
125 creatures vanquished.

Notes
Turn   | Place    | Note
--------------------------------------------------------------
     0 | D:1      | dearth, the Minotaur Fighter, began the quest for the Orb.
     0 | D:1      | Reached XP level 1. HP: 19/19 MP: 1/1
   166 | D:1      | Reached XP level 2. HP: 17/26 MP: 1/1
   515 | D:2      | Found a sparkling altar of Nemelex Xobeh.
   577 | D:2      | Reached skill level 4 in Armour
   793 | D:2      | Reached XP level 3. HP: 15/33 MP: 2/2
  1224 | D:2      | Reached XP level 4. HP: 29/40 MP: 2/2
  1300 | D:2      | Found a shimmering altar of Xom.
  1996 | D:3      | Found an opulent altar of Gozag.
  2042 | D:3      | Reached XP level 5. HP: 26/47 MP: 2/2
  2177 | D:3      | Noticed Jessica
  2183 | D:3      | Killed Jessica
  2335 | D:3      | Found a shadowy altar of Dithmenos.
  2490 | D:3      | Reached skill level 5 in Armour
  2498 | D:3      | Reached skill level 5 in Maces & Flails
  2498 | D:3      | Reached skill level 5 in Shields
  2498 | D:3      | Reached XP level 6. HP: 7/53 MP: 3/3
  2883 | D:3      | Found a blossoming altar of Fedhas.
  2887 | D:3      | Found an iron altar of Okawaru.
  2890 | D:3      | Became a worshipper of Warmaster Okawaru
  3124 | D:4      | Noticed gorblad's ghost (average DsAs)
  3136 | D:4      | Killed gorblad's ghost
  3136 | D:4      | Reached skill level 5 in Fighting
  3161 | D:4      | Noticed Menkaure
  3167 | D:4      | Killed Menkaure
  3167 | D:4      | Acquired Okawaru's first power
  3167 | D:4      | Reached XP level 7. HP: 17/61 MP: 3/3
  3396 | D:4      | Reached skill level 6 in Maces & Flails
  3726 | D:4      | Found a white marble altar of Elyvilon.
  3834 | D:4      | Found Wavid's Book Boutique.
  3972 | D:5      | Entered Level 5 of the Dungeon
  3981 | D:5      | Reached skill level 1 in Invocations
  4091 | D:5      | Found a stormy altar of Qazlal.
  4588 | D:5      | Noticed Grinder
  4588 | D:5      | Paralysed by Grinder for 5 turns
  4602 | D:5      | Killed Grinder
  4770 | D:5      | Reached skill level 7 in Maces & Flails
  4826 | D:5      | Found an opulent altar of Gozag.
  5027 | D:6      | Found an ancient bone altar of Kikubaaqudgha.
  5043 | D:6      | Reached XP level 8. HP: 18/70 MP: 5/5
  5233 | D:6      | Noticed a manticore
  5307 | D:6      | Mangled by an orc warrior

Action                   |  1- 3 |  4- 6 |  7- 9 || total
-------------------------+-------+-------+-------++-------
Melee: Flail             |    67 |   133 |   155 ||   355
       Staff             |    32 |    13 |       ||    45
  Use: Potion            |       |     2 |     4 ||     6
  Eat: Beef jerky        |     1 |       |       ||     1
       Meat ration       |       |     1 |       ||     1
       Chunk             |       |     1 |     2 ||     3
       Fruit             |       |       |     7 ||     7
